 Dungeon Sprint DCSS version 0.29-a0-369-gd956c00756 (webtiles) character file.

Game seed: 10564593434635317620

41285 mhtbhm the Executioner (level 14, -6/111 HPs)
             Began as a Gargoyle Fighter on May 1, 2022.
             Was a High Priest of Trog.
             Mangled by an orc warlord
             ... wielding a +0 halberd
              (43 damage)
             ... in the Dungeon (Sprint VII: "The Pits").
             The game lasted 00:11:01 (3856 turns).

mhtbhm the Executioner (Gargoyle Fighter)           Turns: 3856, Time: 00:11:03

Health: -6/111     AC: 36    Str: 22    XL:     14   Next: 14%
Magic:  14/14      EV: 10    Int: 10    God:    Trog [*****.]
Gold:   75         SH:  8    Dex: 12    Spells: 13/13 levels left

rFire   + + +      SeeInvis .   a - +9 broad axe "Taso" {vorpal, rF+++ rC+ rN++ Str-2}
rCold   + . .      Faith    .   c - +1 buckler {AC+3}
rNeg    + + +      Spirit   .   b - +4 chain mail
rPois   ∞          Reflect  .   (no helmet)
rElec   +          Harm     .   r - +0 cloak
rCorr   .          Rampage  .   (no gloves)
Will    +++..      NoTele   +   (no boots)
Stlth   ..........              z - amulet of magic regeneration
HPRegen 1.28/turn               n - +3 ring of protection
MPRegen 0.54/turn               o - +3 ring of dexterity

@: strong-willed, on berserk cooldown, flying, regenerating, slowed, glowing,
studying Polearms, very slow
A: sickness immunity, AC +10, big wings, negative energy resistance 1,
electricity resistance, torment resistance 1, petrification resistance
a: Renounce Religion, Berserk, Trog's Hand, Brothers in Arms


You were in the Dungeon.
You worshipped Trog.
Trog was extremely pleased with you.
You visited 1 branch You collected 75 gold pieces.

Inventory:

Hand Weapons
 a - the +9 broad axe "Taso" (weapon) {vorpal, rF+++ rC+ rN++ Str-2}
   (Trog gifted it to you in the Dungeon)

   It inflicts extra damage upon your enemies.
   Str:       It affects your strength (-2).
   rF:        It renders you almost immune to fire.
   rC:        It protects you from cold.
   rN:        It greatly protects you from negative energy.
 l - the +8 battleaxe "Icrir" {flame, rElec rC++ Str+5}
   (Trog gifted it to you in the Dungeon)

   It burns those it strikes, dealing additional fire damage.
   Big, fiery blades are also staple armaments of hydra-hunters.
   Str:       It affects your strength (+5).
   rC:        It greatly protects you from cold.
   rElec:     It insulates you from electricity.
 B - a +1 morningstar of holy wrath
 C - a +3 eveningstar
 G - a +4 broad axe of flaming
Missiles
 s - 3 boomerangs (quivered)
 F - 2 javelins
Armour
 b - a +4 chain mail (worn)
 c - a +1 buckler of protection (worn)
 r - a +0 cloak (worn)
 H - a +1 pair of gloves
Jewellery
 n - a +3 ring of protection (left hand)
 o - a +3 ring of dexterity (right hand)
 v - a ring of protection from fire
 z - an amulet of magic regeneration (around neck)
Wands
 t - a wand of digging (4)
Scrolls
 m - a scroll of summoning
 u - 3 scrolls of identify
 x - 7 scrolls of enchant armour
 A - 4 scrolls of fear
 D - a scroll of fog
 E - a scroll of acquirement
Potions
 d - a potion of might
 e - 7 potions of curing
 f - 5 potions of heal wounds
 g - 5 potions of haste
 h - 4 potions of magic
 i - 4 potions of berserk rage
 k - a potion of invisibility
 p - 2 potions of resistance
 q - 2 potions of mutation
 w - a potion of cancellation
Miscellaneous
 y - a phial of floods
 I - a box of beasts


   Skills:
 + Level 21.8 Fighting
 + Level 22.6 Axes
 + Level 16.7 Armour
 + Level 6.3 Dodging
 + Level 3.9 Stealth
 + Level 14.4 Shields
 + Level 0.2 Evocations


You had 13 spell levels left.
You didn't know any spells.
Your spell library was empty.

Dungeon Overview and Level Annotations

Branches:
Dungeon (1/1)

Altars:
Cheibriados
Dithmenos
Elyvilon
Fedhas
Gozag
Hepliaklqana
Makhleb
Nemelex Xobeh
Okawaru
Qazlal
Ru
Sif Muna
Trog
Vehumet
Wu Jian
Xom
Yredelemnul
Zin
The Shining One
Beogh
Jiyva
Lugonu


Innate Abilities, Weirdness & Mutations

You are immune to sickness and miasma.
Your stone body is resilient. (AC +10)
You are immune to poison.
Your large and strong wings let you fly.
You resist negative energy. (rN+)
You are resistant to electric shocks. (rElec)
You are resistant to unholy torment.
You are immune to petrification.


Message History

The orc knight howls in fear.
The orc warlord closely misses you.
The orc knight roars a battlecry!
The orcs go into a battle-frenzy!
The orc warlord hits you from afar with a +0 halberd!
The orc warlord barely misses you.
Unknown command.
Okay, then.
Your skin crawls.
You feel strong-willed.
The orc knight no longer looks unusually strong.
The naga warrior seems to regain its courage.
Your troll bites the orc warlord but does no damage.
Your troll claws the orc warlord but does no damage.
Your troll claws the orc warlord!
The orc knight hits you with a +2 great sword!
The orc knight roars a battlecry!
The orc knight goes into a battle-frenzy!
You block the orc warlord's attack.
The orc warlord hits your troll with a +3 dire flail!
Your troll bites the orc warlord but does no damage.
Your troll claws the orc warlord but does no damage.
Your troll claws the orc warlord!
The orc warlord dies!
Trog accepts your kill. Trog grants you a weapon!
Something appears at your feet!
You see here the +4 broad axe of Gargoyle's Doom {flame, rN+ Str-2 Dex+3}.
Unknown command.
Press: ? - help, v - describe, . - travel
Here: an orc warlord, wielding a +0 halberd and wearing a +3 plate armour of poison resistance (moderately wounded, strong, haloed)
The floor, spattered with blood.
Unknown command.
You hit the orc knight.
The orc knight is lightly wounded.
Your troll bites the orc knight!
Your troll barely misses the orc knight.
Your troll claws the orc knight.
The orc warlord hits you from afar with a +0 halberd!!!
You die...

############################+#
............oN)o@............#
............cGocT............#
###########oo##############..#
#.op...†.# #†.# #.#.#o.†.#c#.#
#..# #.NooToo.N...# #..#
#.#p#.ooo#N#.# #..#


#o.NNocoGc...# #..# #.#o#ooo.#.#.# #..# You could see an orc warlord (strong),
an ophan, a naga warrior, a vault guard, 5 orc knights, 2 yaktaurs and a
friendly troll (summoned, berserk).

Vanquished Creatures
  An ancient lich (D)
  Ilsuiw (D)
  A nagaraja (D)
  A stone giant (D)
  An apis (D)
  A green draconian (D)
  A merfolk javelineer (D)
  2 merfolk impalers (D)
  A boulder beetle (D)
  A merfolk avatar (D)
  A death knight (D)
  An alligator (D)
  3 hell hogs (D)
  An orc high priest (D)
  A vampire mage (D)
  3 death yaks (D)
  A deep elf knight (D)
  A fire crab (D)
  A swamp dragon (D)
  2 wizards (D)
  2 deep elf pyromancers (D)
  3 deep elf zephyrmancers (D)
  2 orc knights (D)
  A lindwurm (D)
  An orc sorcerer (D)
  A wolf spider (D)
  A merfolk siren (D)
  An elephant (D)
  A rust devil (D)
  2 molten gargoyles (D)
  2 cane toads (D)
  An orange demon (D)
  A demonic crawler (D)
  A komodo dragon (shapeshifter) (D)
  A komodo dragon (D)
  A guardian mummy (D)
  A troll (D)
  A merfolk (D)
  Prince Ribbit (D)
  A hornet (D)
  2 polar bears (D)
  3 tarantellas (D)
  3 blink frogs (D)
  A jumping spider (D)
  7 dream sheep (D)
  A water elemental (D)
  A spriggan (D)
  A warg (D)
  2 redbacks (D)
  2 water moccasins (D)
  2 acid dragons (D)
  2 hell hounds (D)
  6 orc warriors (D)
  6 wolves (D)
  A centaur (D)
  A gnoll sergeant (D)
  A bullfrog (D)
  A scorpion (D)
  A hound (D)
  An iron imp (D)
  A hell rat (D)
  An iguana (D)
  A mummy (D)
  4 gnolls (D)
  A river rat (D)
  2 white imps (D)
  10 orcs (D)
  2 ball pythons (D)
  A bat (D)
  A bat zombie (D)
  An endoplasm (D)
  A hobgoblin (D)
  11 jackals (D)
  6 quokkas (D)
  2 ball python skeletons (D)
  A frilled lizard (D)
  4 goblins (D)
  A jackal simulacrum (D)
148 creatures vanquished.

Vanquished Creatures (collateral kills)
  2 orc warlords (D)
  An eidolon (D)
  A vault guard (D)
  A naga warrior (D)
  A sea snake (D)
  A deep troll (D)
  A deep elf pyromancer (D)
  A deep elf zephyrmancer (D)
  3 orc knights (D)
  An orc sorcerer (D)
  A manticore (D)
  A smoke demon (D)
  Grinder (D)
  A wind drake (D)
  A steam dragon (D)
  3 hell hounds (D)
  2 wolves (D)
23 creatures vanquished.

Grand Total: 171 creatures vanquished

Notes
Turn   | Place    | Note
-------+----------+-------------------------------------------
     0 | D        | mhtbhm the Gargoyle Fighter began the quest for the Orb.
     0 | D        | Reached XP level 1. HP: 14/14 MP: 1/1
    52 | D        | Found a bloodstained altar of Trog.
    52 | D        | Found a shimmering blue altar of Sif Muna.
    52 | D        | Found a viscous altar of Jiyva.
    52 | D        | Found a hazy altar of Hepliaklqana.
    52 | D        | Found an opulent altar of Gozag.
    53 | D        | Found a glowing golden altar of the Shining One.
    53 | D        | Found a glowing silver altar of Zin.
    53 | D        | Found a basalt altar of Yredelemnul.
    53 | D        | Found a shimmering altar of Xom.
    53 | D        | Found an ornate altar of the Wu Jian Council.
    53 | D        | Found a sacrificial altar of Ru.
    53 | D        | Found a stormy altar of Qazlal.
    53 | D        | Found an iron altar of Okawaru.
    53 | D        | Found a sparkling altar of Nemelex Xobeh.
    53 | D        | Found a burning altar of Makhleb.
    53 | D        | Found a blossoming altar of Fedhas.
    53 | D        | Found a white marble altar of Elyvilon.
    53 | D        | Found a shadowy altar of Dithmenos.
    53 | D        | Found a snail-covered altar of Cheibriados.
    55 | D        | Found a radiant altar of Vehumet.
    55 | D        | Found a corrupted altar of Lugonu.
    57 | D        | Became a worshipper of Trog the Wrathful
    80 | D        | Reached * piety under Trog
    81 | D        | Reached skill level 2 in Axes
   114 | D        | Noticed a gnoll sergeant
   119 | D        | Reached ** piety under Trog
   120 | D        | Reached XP level 2. HP: 20/20 MP: 2/2
   120 | D        | Reached XP level 3. HP: 25/25 MP: 3/3
   123 | D        | Reached skill level 5 in Fighting
   123 | D        | Reached skill level 3 in Axes
   125 | D        | Killed a gnoll sergeant
   126 | D        | Reached skill level 4 in Axes
   126 | D        | Reached skill level 5 in Armour
   126 | D        | Reached skill level 5 in Shields
   126 | D        | Reached XP level 4. HP: 14/32 MP: 4/4
   129 | D        | Reached *** piety under Trog
   393 | D        | Noticed an orc warrior
   398 | D        | Noticed a water moccasin
   407 | D        | Reached **** piety under Trog
   419 | D        | Killed an orc warrior
   420 | D        | Reached skill level 5 in Axes
   420 | D        | Reached XP level 5. HP: 38/38 MP: 5/5
   429 | D        | Killed a water moccasin
   429 | D        | Reached ***** piety under Trog
   430 | D        | Reached skill level 6 in Axes
   430 | D        | Reached XP level 6. HP: 44/44 MP: 6/6
   474 | D        | Noticed Prince Ribbit
   728 | D        | Noticed a deep elf zephyrmancer
   738 | D        | Killed a deep elf zephyrmancer
   738 | D        | Received a gift from Trog
   739 | D        | Reached skill level 9 in Axes
   739 | D        | Reached skill level 1 in Dodging
   739 | D        | Reached XP level 7. HP: 32/50 MP: 7/7
   864 | D        | Reached skill level 10 in Armour
   871 | D        | Reached XP level 8. HP: 56/56 MP: 8/8
   980 | D        | Received a gift from Trog
  1233 | D        | Killed Prince Ribbit
  1234 | D        | Reached skill level 10 in Axes
  1266 | D        | Noticed an orc knight
  1272 | D        | Reached skill level 1 in Stealth
  1281 | D        | Killed an orc knight
  1282 | D        | Reached skill level 10 in Fighting
  1282 | D        | Reached skill level 11 in Axes
  1282 | D        | Reached XP level 9. HP: 25/62 MP: 9/9
  1505 | D        | Noticed a deep elf pyromancer
  1509 | D        | Reached ****** piety under Trog
  1509 | D        | Received a gift from Trog
  1510 | D        | Reached skill level 12 in Axes
  1511 | D        | Killed a deep elf pyromancer
  1512 | D        | Reached skill level 13 in Axes
  1514 | D        | Reached XP level 10. HP: 68/68 MP: 10/10
  1516 | D        | Reached skill level 14 in Axes
  1570 | D        | Noticed a deep elf pyromancer
  1582 | D        | Killed a deep elf pyromancer
  1582 | D        | Identified the +10 quarterstaff "Lueg" {vorpal, rF+++ rC+
                  | Int-4 Dex-4} (Trog gifted it to you in the Dungeon)
  1582 | D        | Received a gift from Trog
  1785 | D        | Noticed a cane toad
  1792 | D        | Killed a cane toad
  1793 | D        | Reached skill level 15 in Axes
  1825 | D        | Noticed an orc knight
  1825 | D        | Noticed an orc sorcerer
  1832 | D        | Killed an orc sorcerer
  1832 | D        | Received a gift from Trog
  1840 | D        | Noticed a death knight
  1842 | D        | Reached skill level 16 in Axes
  1842 | D        | Reached skill level 10 in Shields
  1842 | D        | Killed an orc knight
  1842 | D        | Received a gift from Trog
  1846 | D        | Killed a death knight
  1847 | D        | Reached XP level 11. HP: 68/76 MP: 11/11
  1852 | D        | Noticed an orc high priest
  1856 | D        | Received a gift from Trog
  1858 | D        | Reached skill level 17 in Axes
  1866 | D        | Killed an orc high priest
  1867 | D        | Received a gift from Trog
  1874 | D        | Noticed a manticore
  1874 | D        | Noticed Grinder
  1883 | D        | Killed Grinder
  1883 | D        | Received a gift from Trog
  1885 | D        | Killed a manticore
  2453 | D        | Noticed a wolf spider
  2453 | D        | Noticed a nagaraja
  2456 | D        | Reached skill level 18 in Axes
  2457 | D        | Killed a wolf spider
  2461 | D        | Identified the +9 broad axe "Taso" {vorpal, rF+++ rC+ rN++
                  | Str-2} (Trog gifted it to you in the Dungeon)
  2461 | D        | Received a gift from Trog
  2466 | D        | Killed a nagaraja
  2474 | D        | Received a gift from Trog
  2771 | D        | Reached skill level 19 in Axes
  2771 | D        | Received a gift from Trog
  2787 | D        | Noticed a boulder beetle
  2805 | D        | Killed a boulder beetle
  2806 | D        | Reached skill level 15 in Fighting
  2806 | D        | Reached XP level 12. HP: 50/87 MP: 12/12
  3031 | D        | Noticed a hell hog
  3031 | D        | Noticed a vampire mage
  3032 | D        | Noticed a hell hog
  3034 | D        | Noticed a hell hog
  3040 | D        | Killed a hell hog
  3041 | D        | Killed a hell hog
  3042 | D        | Killed a vampire mage
  3046 | D        | Killed a hell hog
  3046 | D        | Received a gift from Trog
  3199 | D        | Noticed an apis
  3199 | D        | Noticed an ancient lich
  3199 | D        | Noticed a death yak
  3199 | D        | Noticed a death yak
  3199 | D        | Noticed a death yak
  3207 | D        | Identified the +8 battleaxe "Icrir" {flame, rElec rC++
                  | Str+5} (Trog gifted it to you in the Dungeon)
  3207 | D        | Received a gift from Trog
  3210 | D        | Killed an apis
  3217 | D        | Killed an ancient lich
  3217 | D        | Killed a death yak
  3217 | D        | Received a gift from Trog
  3218 | D        | Reached skill level 20 in Axes
  3218 | D        | Reached skill level 15 in Armour
  3218 | D        | Reached skill level 5 in Dodging
  3222 | D        | Killed a death yak
  3223 | D        | Reached XP level 13. HP: 97/97 MP: 13/13
  3334 | D        | Received a gift from Trog
  3343 | D        | Noticed a green draconian
  3349 | D        | Killed a green draconian
  3349 | D        | Noticed Ilsuiw
  3354 | D        | Killed Ilsuiw
  3354 | D        | Received a gift from Trog
  3355 | D        | Noticed a merfolk javelineer
  3357 | D        | Reached skill level 21 in Axes
  3358 | D        | Noticed a merfolk impaler
  3364 | D        | Killed a merfolk impaler
  3367 | D        | Killed a merfolk javelineer
  3368 | D        | Noticed a stone giant
  3375 | D        | Killed a stone giant
  3375 | D        | Received a gift from Trog
  3375 | D        | Noticed a merfolk impaler
  3380 | D        | Killed a merfolk impaler
  3458 | D        | Received a gift from Trog
  3480 | D        | Noticed an eidolon
  3480 | D        | Received a gift from Trog
  3481 | D        | Killed an eidolon
  3517 | D        | Reached skill level 22 in Axes
  3725 | D        | Received a gift from Trog
  3818 | D        | Noticed an orc warlord
  3818 | D        | Noticed an orc warlord
  3819 | D        | Noticed a yaktaur captain
  3819 | D        | Noticed a vault guard
  3819 | D        | Noticed a vault guard
  3819 | D        | Noticed an ophan
  3820 | D        | Noticed an orc warlord
  3830 | D        | Killed an orc warlord
  3834 | D        | Noticed a vault guard
  3834 | D        | Killed a vault guard
  3835 | D        | Gained mutation: Your large and strong wings let you fly.
                  | [Gargoyle growth]
  3835 | D        | Reached XP level 14. HP: 22/110 MP: 14/14
  3848 | D        | HP: 4/111 [orc warlord/+0 halberd (35)]
  3855 | D        | Killed an orc warlord
  3855 | D        | Identified the +4 broad axe of Gargoyle's Doom {flame, rN+
                  | Str-2 Dex+3} (Trog gifted it to you in the Dungeon)
  3855 | D        | Received a gift from Trog
  3856 | D        | Mangled by an orc warlord

Illustrated notes

Levels and vault maps discovered:
D:        pitsprint [storerooms_1, entrance_room_1, metal_vault_2, armoury_3,
          mini_pit_1, grid_room_1, main_hall_1, silver_pit, the_coven_3,
          the_vestibule_1, steel_vault_3, golden_pit, hallway_of_sentries,
          crystal_vault_3, iron_vault_3, final_vault]

Skill      XL: |  1  2  3  4  5  6  7  8  9 10 11 12 13 |
---------------+----------------------------------------+-----
Axes           | 2 4 5 6 9 11 13 16 19 20 22 | 22.6
Fighting       | 4 6 7 8 9 10 12 15 17 21 | 21.8
Armour         | 4 5 7 8 9 10 11 12 13 15 16 | 16.7
Shields        | 4 5 6 7 8 9 10 11 12 14 | 14.4
Dodging        | 1 2 3 4 5 6 |  6.3
Stealth        | 1 2 3 |  3.9
Evocations     | |  0.2

Action                   |  1- 3 |  4- 6 |  7- 9 | 10-12 | 13-15 || total
-------------------------+-------+-------+-------+-------+-------++-------
Melee: Hand axe          |    18 |    56 |    25 |       |       ||    99
       War axe           |     2 |       |       |       |       ||     2
       Broad axe         |       |       |    29 |   167 |    99 ||   295
Invok: Berserk           |       |     1 |     3 |     4 |     2 ||    10
       Brothers in Arms  |       |       |       |     1 |     8 ||     9
       Trog's Hand       |       |       |       |       |     1 ||     1
Evoke: Box of beasts     |       |       |       |       |     1 ||     1
  Use: Potion            |     1 |     1 |       |     3 |     8 ||    13
       Scroll            |       |       |       |       |     2 ||     2
 Stab: Invisible         |       |       |       |       |     2 ||     2
Armor: Scale mail        |    12 |     2 |       |       |       ||    14
       Chain mail        |       |    22 |    40 |    87 |    59 ||   208
Dodge: Dodged            |    11 |    19 |    14 |    60 |    32 ||   136
Block: Buckler           |     6 |    13 |    18 |    45 |    31 ||   113

Table legend: (Time is in decaauts)
 A = Elapsed time spent in this place.
 B = Non-inter-level travel time spent in this place.
 C = Inter-level travel time spent in this place.
 D = Time resting spent in this place.
 E = Time spent auto-exploring this place.
 F = Levels seen in this place.
 G = Mean time per level.
                   A        B        C        D        E       F      G
               +--------+--------+--------+--------+--------+-----+--------+
         Total |   3853 |   3853 |      0 |   2245 |    227 |   1 | 3853.0 |
       Dungeon |   3853 |   3853 |      0 |   2245 |    227 |   1 | 3853.0 |
               +--------+--------+--------+--------+--------+-----+--------+

Top non-repeatable levels by time:
       D: 3853 daAuts
